 Dungeon Crawl Stone Soup version 0.27-a0-1149-g4505690ab0 (webtiles) character file.

Game seed: 4454744046040983582

358 Sobieck the Covert (level 6, 0/30 HPs)
             Began as a Vampire Brigand on May 13, 2021.
             Was a Believer of Hepliaklqana.
             Slain by an orc wizard
             ... wielding a +0 dagger
              (4 damage)
             ... on level 5 of the Dungeon.
             The game lasted 00:12:17 (4655 turns).

Sobieck the Covert (Vampire Brigand)                Turns: 4655, Time: 00:12:18

Health: 0/30       AC:  5    Str: 10    XL:     6   Next: 37%
Magic:  6/6        EV: 12    Int: 15    God:    Hepliaklqana [**....]
Gold:   250        SH:  0    Dex: 16    Spells: 5/5 levels left

rFire    . . .     SeeInvis +   a - +2 dagger {short}
rCold    + + .     Faith    .   (no shield)
rNeg     + + +     Spirit   .   b - +0 robe
rPois    ∞         Reflect  .   g - +0 helmet
rElec    .         Harm     .   c - +0 cloak
rCorr    .         Rampage  .   (no gloves)
Will     .....                  s - +0 pair of boots
Stlth    ++++++....             j - amulet of magic regeneration {@e2}
HPRegen  0.00/turn              (no ring)
MPRegen  0.35/turn              (no ring)

@: bloodless
A: bloodless, reduced essence, fangs 3, see invisible, vampiric 2
a: Bat Form, Revivify, Renounce Religion, Recall Ancestor, Ancestor Identity


You were on level 5 of the Dungeon.
You worshipped Hepliaklqana.
Hepliaklqana was pleased with you.
You visited 1 branch of the dungeon, and saw 6 of its levels.

You collected 250 gold pieces.


Innate Abilities, Weirdness & Mutations

You do not regenerate when monsters are visible.
You are frail without blood (-20% HP).
You can heal yourself when you bite living creatures.
You are immune to poison.
Your life essence is reduced to manifest your ancestor. (-10% HP)
You have razor-sharp teeth.
You have supernaturally acute eyesight. (SInv)
You are afflicted with vampirism and can become a bat while bloodless.


   Skills:
 + Level 2.1 Fighting
 + Level 5.2 Short Blades
 - Level 1.5 Throwing
 - Level 1.1 Dodging
 + Level 9.2 Stealth
 + Level 0.8 Invocations


You had 5 spell levels left.
You didn't know any spells.
Your spell library was empty.

Inventory:

Hand Weapons
 a - a +2 dagger (weapon) {short}
Missiles
 d - 21 poisoned darts (quivered) {throwing}
 e - 2 curare-tipped darts {=fthrowing}
 f - 95 stones {throwing}
 l - 62 sling bullets
 v - 15 arrows
 x - 26 bolts
Armour
 b - a +0 robe (worn)
 c - a +0 cloak (worn)
 g - a +0 helmet (worn)
   (You found it on level 3 of the Dungeon)
 s - a +0 pair of boots (worn)
   (You found it on level 3 of the Dungeon)
Jewellery
 j - an amulet of magic regeneration (around neck) {@e2}
   (You found it on level 1 of the Dungeon)
Scrolls
 k - 2 scrolls of enchant weapon {unknown}
 m - 3 scrolls of fog {unknown}
 n - 4 scrolls of identify {unknown}
 q - a scroll of noise {unknown}
 r - 3 scrolls of enchant armour {unknown}
 t - a scroll of acquirement {unknown}
 w - a scroll of blinking {unknown}
Potions
 h - a potion of berserk rage {unknown}
 i - a potion of curing {unknown}
 o - a potion of brilliance {unknown}
 p - a potion of might {unknown}
 u - a potion of heal wounds {unknown}

Dungeon Overview and Level Annotations

Branches:
Dungeon (6/15)             Temple (0/1) D:5

Altars:
Cheibriados
Hepliaklqana
Qazlal
Xom
The Shining One

Annotations:
D:3 2 runed translucent doors

#.....<.......
#..###.............
####...#.#...##
###..#.#.#...
....#.#.#.#.#
#...#.>.#..#
#.#.#.#.#.#
#..#.#.#..#
#...#)#@..#
#...).oR..#
#......##.#
###.........#
#...........#
#.###[##.##.# #
##.##......
##...####.##.
#.........#


You could see the friendly Dagmar the hexer and an orc wizard (invisible, slow,
drained, ally target).


Message History

There is a stone staircase leading up here.
You now have 250 gold pieces (gained 10).
An orc wizard comes into view.
It is wielding a +1 dagger of electrocution.
You see here a +0 robe.
An orc wizard comes into view. It is wielding a +0 dagger.
An orc wizard comes into view. It is wielding a +0 short sword.
The orc wizard hits you but does no damage.
You barely miss the orc wizard. The orc wizard misses you.
You hit the orc wizard but do no damage.
The orc wizard casts a spell at you. The puff of flame hits you! 😮 HP[-14]
You take 14 damage, and now have 16/30 hp.
MASSIVE DAMAGE!! (PAUSE)
You closely miss the orc wizard.
You bite the orc wizard, but do no damage.
Dagmar hits the orc wizard with a +0 dagger of draining!
The orc wizard closely misses you.
Unknown command.
You hit the orc wizard.
Dagmar points at the orc wizard and mumbles some strange words.
The orc wizard appears confused.
Unknown command.
You catch the helpless orc wizard completely off-guard!
You bite the orc wizard, and draw its blood!
You feel better.
You impale the orc wizard!!
You kill the orc wizard!
The orc wizard gestures at you while chanting.
The magic dart hits you.
Your Fighting skill increases to level 2! 😮 HP[+4]
You regained 4 hp, and now have 20/30 hp.
Unknown command.
You hit the orc. The orc hits you but does no damage.
The orc wizard gestures at itself while chanting.
The orc wizard flickers and vanishes for a moment.
Unknown command.
You hit the orc.
You kill the orc!
Unknown command.
The orc wizard casts a spell at you. You resist with some effort.
You hit the orc wizard.
The orc wizard points at you and mumbles some strange words.
You resist with some effort. The orc wizard misses you.
Unknown command.
You closely miss the orc wizard. The orc wizard completely misses you.
Unknown command.
You hit the orc wizard.
The orc wizard hits you with a +0 short sword.
The orc wizard hits you with a +0 dagger. 😮 HP[-4]
You take 4 damage, and now have 16/30 hp.
You hit the orc wizard.
The orc wizard hits you but does no damage.
Dagmar hits the orc wizard with a +0 dagger of draining.
The orc wizard barely misses you.
Unknown command.
You hit the orc wizard.
The orc wizard hits you but does no damage.
Unknown command.
You hit the orc wizard.
Dagmar barely misses the orc wizard.
The orc wizard hits you with a +0 dagger.
* * * LOW HITPOINT WARNING * * *
😨 HP[-3]
You take 3 damage, and now have 13/30 hp.
Unknown command.
You barely miss the orc wizard. The orc wizard casts a spell at you.
The magic dart hits you.
* * * LOW HITPOINT WARNING * * *
Dagmar casts a spell at the orc wizard.
The orc wizard appears confused.
The orc wizard hits you with a +0 dagger.
* * * LOW HITPOINT WARNING * * *
😱 HP[-6]
You take 6 damage, and now have 7/30 hp.
Unknown command.
You hit the orc wizard.
You kill the orc wizard!
Items here: )) [ †. 😨 HP[+1]
You closely miss the orc wizard.
The orc wizard hits you but does no damage.
Unknown command.
You closely miss the orc wizard.
Dagmar points at the orc wizard and mumbles some strange words.
The orc wizard seems to slow down.
The orc wizard hits you with a +0 dagger.
* * * LOW HITPOINT WARNING * * *
😱 HP[-4]
You take 4 damage, and now have 4/30 hp.
Unknown command.
You miss the orc wizard.
Dagmar hits the orc wizard with a +0 dagger of draining.
Dagmar drains the orc wizard.
Unknown command.
You closely miss the orc wizard.
The orc wizard hits you with a +0 dagger.
You die...

Skill      XL: |  1  2  3  4  5  6 |
---------------+-------------------+-----
Stealth        | 6 7 8 9 |  9.2
Short Blades   | 3 4 5 |  5.2
Fighting       | 2 |  2.1
Throwing       | |  1.5
Dodging        | |  1.1
Invocations    | |  0.8

Action                   |  1- 3 |  4- 6 || total
-------------------------+-------+-------++-------
Melee: Dagger            |    97 |   133 ||   230
       Bite              |    12 |    11 ||    23
Throw: Dart              |       |     4 ||     4
Invok: Ancestor Identity |       |     1 ||     1
       Ancestor Life: He |       |     1 ||     1
 Abil: Exsanguinate      |     1 |       ||     1
 Stab: Sleeping          |    10 |    19 ||    29
       Confused          |       |     1 ||     1
Armor: Robe              |    21 |    22 ||    43
Dodge: Dodged            |    34 |    59 ||    93

Levels and vault maps discovered:
D:1:      lemuel_arrival_tunnels, layout_basic, ebering_ecumenical_altar_box
D:2:      layout_loops_ring, st_stairs_7, kennysheep_decorative_pillar,
          minmay_pentomino_r4
D:3:      layout_rooms, chequers_temple_overflow_statue_of_worship,
          jmf_multi_god_temple2
D:4:      layout_basic, amcnicky_altar_gilded, gup_sewer_entry_spiral
D:5:      layout_loops_cross, minmay_temple_entry_grid, uniq_duvessa
D:6:      layout_basic, ebering_dispersal_statue_hall, uniq_grinder,
          uniq_crazy_yiuf_cottage

Notes
Turn   | Place    | Note
-------+----------+-------------------------------------------
     0 | D:1      | Sobieck the Vampire Brigand began the quest for the Orb.
     0 | D:1      | Reached XP level 1. HP: 16/16 MP: 1/1
     0 | D:1      | magus.rc [v1.9.6]
   125 | D:1      | Reached skill level 6 in Stealth
   205 | D:2      | Reached XP level 2. HP: 17/17 MP: 2/2
   496 | D:1      | Reached skill level 3 in Short Blades
   509 | D:1      | Found a faded altar of an unknown god.
   821 | D:1      | Gained mutation: You are afflicted with vampirism and can
                  | become a bat while bloodless. [Vampire growth]
   821 | D:1      | Reached XP level 3. HP: 21/21 MP: 3/3
  1199 | D:2      | Reached skill level 7 in Stealth
  1929 | D:2      | Reached XP level 4. HP: 20/26 MP: 4/4
  2327 | D:2      | HP: 5/26 [kobold/+0 short sword (5)]
  2725 | D:3      | Reached skill level 4 in Short Blades
  2770 | D:3      | Found a stormy altar of Qazlal.
  2771 | D:3      | Found a hazy altar of Hepliaklqana.
  2772 | D:3      | Found a shimmering altar of Xom.
  2784 | D:3      | Became a worshipper of Hepliaklqana the Forgotten
  2879 | D:3      | Found a large runed translucent door.
  2879 | D:3      | Found a large runed translucent door.
  3066 | D:3      | Reached * piety under Hepliaklqana
  3315 | D:5      | Entered Level 5 of the Dungeon
  3315 | D:5      | Found a staircase to the Ecumenical Temple.
  3376 | D:4      | Noticed an ogre
  3390 | D:4      | Killed an ogre
  3391 | D:4      | Reached skill level 8 in Stealth
  3391 | D:4      | Reached XP level 5. HP: 20/26 MP: 5/5
  3800 | D:4      | Found a snail-covered altar of Cheibriados.
  3875 | D:4      | Reached skill level 5 in Short Blades
  3947 | D:4      | Reached skill level 9 in Stealth
  3947 | D:4      | Reached XP level 6. HP: 30/30 MP: 6/6
  4550 | D:4      | Reached ** piety under Hepliaklqana
  4551 | D:4      | Remembered your ancestor Dagmar as a hexer
  4640 | D:5      | Reached skill level 2 in Fighting
  4649 | D:5      | HP: 7/30 [orc wizard/+0 dagger (1)]
  4655 | D:5      | Slain by an orc wizard

Vanquished Creatures
  An ogre (D:4)
  A hound (D:4)
  A centaur skeleton (D:4)
  A scorpion zombie (D:2)
  2 orc wizards (D:5)
  6 adders
  2 worms
  2 dart slugs (D:2)
  2 orcs
  4 ball pythons
  5 bats
  6 endoplasms
  3 giant cockroaches
  9 goblins
  3 hobgoblins
  A jackal (D:4)
  3 quokkas
  A frilled lizard (D:3)
  4 kobolds
  8 rats
65 creatures vanquished.

Vanquished Creatures (collateral kills)
  A river rat (D:4)
  2 hobgoblins (D:4)
  A jackal (D:4)
4 creatures vanquished.

Grand Total: 69 creatures vanquished

Table legend:
 A = Non-vault XP
 B = Vault XP
 C = Vault XP percentage of total XP
 D = Non-vault monster count
 E = Vault monster count
 F = Vault count percentage of total count
                 A         B        C        D         E       F
            +---------+---------+-------+---------+---------+-------
      Total |     462 |      50 |   9.8 |      60 |       9 |  13.0
            +---------+---------+-------+---------+---------+-------
        D:1 |      23 |       0 |   0.0 |      14 |       0 |   0.0
        D:2 |      87 |      20 |  18.7 |      14 |       4 |  22.2
        D:3 |      41 |       0 |   0.0 |      12 |       0 |   0.0
        D:4 |     241 |      30 |  11.1 |      17 |       5 |  22.7
        D:5 |      70 |       0 |   0.0 |       3 |       0 |   0.0
            +---------+---------+-------+---------+---------+-------

Illustrated notes

Table legend:
 A = Kills in this place as a percentage of kills in entire the game.
 B = Kills by you in this place as a percentage of kills by you in the entire game.
 C = Kills by friends in this place as a percentage of kills by friends in the entire game.
 D = Other kills in this place as a percentage of other kills in the entire game.
 E = Experience gained in this place as a percentage of experience gained in the entire game.
 F = Experience gained in this place divided by the number of levels of this place that you have seen.
                   A       B       C       D       E      F
               +-------+-------+-------+-------+-------+----------------------
         Total | 100.0 | 100.0 | 100.0 |   N/A | 100.0 |  85.3
       Dungeon | 100.0 | 100.0 | 100.0 |   N/A | 100.0 |  85.3
               +-------+-------+-------+-------+-------+----------------------

Table legend: (Time is in decaauts)
 A = Elapsed time spent in this place.
 B = Non-inter-level travel time spent in this place.
 C = Inter-level travel time spent in this place.
 D = Time resting spent in this place.
 E = Time spent auto-exploring this place.
 F = Levels seen in this place.
 G = Mean time per level.
                   A        B        C        D        E       F      G
               +--------+--------+--------+--------+--------+-----+--------+
         Total |   4668 |   4546 |    122 |   1112 |   2411 |   6 |  778.0 |
       Dungeon |   4668 |   4546 |    122 |   1112 |   2411 |   6 |  778.0 |
               +--------+--------+--------+--------+--------+-----+--------+

Top non-repeatable levels by time:
     D:4: 1378 daAuts
     D:1: 1352 daAuts
     D:2: 1275 daAuts
     D:3: 616 daAuts
     D:5: 42 daAuts
     D:6: 1 daAuts
